RedWings vs Flames

Created - 26 janvier 2021 at 20:25

Goals
1 2 3 T
RedWings 1 1 0 2
Flames 2 1 1 4
Shots
1 2 3 T
RedWings 6 10 11 27
Flames 14 8 21 43

1st period

1. Flames , John Tavares 14 (Blake Wheeler 27, Brayden McNabb 11) at 3:37 (PP)
2. RedWings , Andrew Cogliano 8 (John Carlson 25, Drew Doughty 30) at 4:47
3. Flames , Jakub Vrana 12 (Taylor Hall 6) at 13:48

Penalties :
Andrew Cogliano (DET) for Hooking (Minor) at 3:17, Jakub Vrana (CGY) for Roughing (Minor) at 14:03, Brayden McNabb (CGY) for High sticking (Minor) at 17:12

2nd period

4. RedWings , Jordan Szwarz 4 (Frans Nielsen 1, Connor Murphy 9) at 18:24
5. Flames , Brady Tkachuk 19 (Ilya Mikheyev 9) at 18:56

Penalties :
Ethan Bear (CGY) for Tripping (Minor) at 10:30

3rd period

6. Flames , Charlie Coyle 11 (Blake Wheeler 28) at 1:59 (SH)

Penalties :
Alec Martinez (CGY) for Tripping (Minor) at 0:33, Erik Karlsson (DET) for Hooking (Minor) at 11:46, Erik Karlsson (DET) for Holding (Minor) at 15:55

Goalie Stats

John Gibson (DET), 39 saves from 43 shots - (0,907), L, 21-12-6, 60:00 minutes
Jordan Binnington (CGY), 25 saves from 27 shots - (0,926), W, 22-10-6, 60:00 minutes

Players Stats for RedWings

Player Name              G  A  P  +/- PIM S  H  SB GA TA FO     MP     PP MP  PK MP  
------------------------------------------------------------------------------------
Andrew Cogliano          1  0  1  -1  2   2  0  0  0  0  0/0    16:32   3:18   2:55 
Brayden Schenn           0  0  0   0  0   5  1  0  0  0  1/4    20:16   3:42   0:23 
Brett Howden             0  0  0   1  0   4  0  1  0  0  0/0     8:20   0:00   1:23 
Connor Murphy            0  1  1   0  0   0  6  2  0  0  0/0    20:02   3:59   2:12 
David Pastrnak           0  0  0  -1  0   4  2  0  0  0  0/1    20:49   4:38   0:00 
David Perron             0  0  0  -1  0   5  2  0  0  0  1/4    18:32   4:14   0:00 
Drew Doughty             0  1  1  -1  0   0  5  1  0  0  0/0    21:34   0:00   2:06 
Erik Haula               0  0  0   0  0   0  0  0  0  0  8/15   14:18   0:00   0:00 
Erik Karlsson            0  0  0   0  4   2  0  4  0  0  0/0    18:22   3:57   0:00 
Frans Nielsen            0  1  1   1  0   0  0  0  0  0  6/12    7:37   0:00   0:40 
Jake Gardiner            0  0  0  -1  0   1  3  3  0  0  0/0    20:38   3:59   2:12 
John Carlson             0  1  1  -1  0   0  2  2  0  0  0/0    25:31   3:57   2:06 
Jordan Szwarz            1  0  1   1  0   1  2  0  0  0  0/1     6:57   0:00   0:00 
Kyle Brodziak            0  0  0  -1  0   0  1  0  0  0  9/26   13:35   0:00   3:15 
Mark Scheifele           0  0  0  -1  0   3  3  0  0  0  12/27  20:49   4:38   0:00 
Nick Jensen              0  0  0   1  0   0  1  0  0  0  0/0    13:51   0:00   0:00 
Patric Hornqvist         0  0  0   0  0   0  6  1  0  0  0/1    17:36   3:18   0:00 
Ryan Hartman             0  0  0  -1  0   0  0  0  0  0  0/0    10:20   0:00   0:00 

Players Stats for Flames

Player Name              G  A  P  +/- PIM S  H  SB GA TA FO     MP     PP MP  PK MP  
------------------------------------------------------------------------------------
Alec Martinez            0  0  0  -1  2   3  1  2  0  0  0/0    21:49   0:08   2:58 
Blake Wheeler            0  2  2  -1  0   1  3  0  0  0  6/7    19:54   2:23   3:58 
Brady Tkachuk            1  0  1   1  0   4  3  0  0  0  3/4    19:33   2:23   0:00 
Brayden McNabb           0  1  1   0  2   5  6  0  0  0  0/0    22:16   2:17   2:54 
Charlie Coyle            1  0  1   2  0   5  0  0  0  0  18/26  20:54   0:00   3:44 
Esa Lindell              0  0  0   0  0   0  1  0  0  0  0/0    12:55   0:00   2:59 
Ethan Bear               0  0  0   1  2   3  2  0  0  0  0/0    16:38   2:01   0:43 
Gabriel Bourque          0  0  0   0  0   0  0  0  0  0  0/0     0:25   0:00   0:00 
Ilya Mikheyev            0  1  1   1  0   1  2  0  0  0  0/2    19:14   1:55   0:00 
Jakub Vrana              1  0  1  -1  2   4  0  0  0  0  0/3    19:37   1:55   0:00 
Jared Spurgeon           0  0  0   0  0   3  1  2  0  0  0/0    24:26   1:59   4:15 
John Tavares             1  0  1  -2  0   4  0  0  0  0  9/16   16:10   2:23   0:14 
Marc Staal               0  0  0   2  0   2  1  2  0  0  0/0    21:19   2:11   2:03 
Max Domi                 0  0  0   0  0   0  1  0  0  0  14/22  18:46   1:55   3:58 
Ondrej Kase              0  0  0   0  0   5  0  0  0  0  0/1    12:53   0:00   0:00 
Pavel Buchnevich         0  0  0   0  0   2  0  0  0  0  0/0    12:53   0:00   0:00 
Sean Kuraly              0  0  0   1  0   1  2  1  0  0  4/10    8:08   0:00   3:58 
Taylor Hall              0  1  1   1  0   0  1  0  0  0  0/0     4:10   0:00   0:00 

3 Stars

1 - Brady Tkachuk (CGY)
2 - Charlie Coyle (CGY)
3 - Blake Wheeler (CGY)

Power Play

RedWings - 0 on 4 Attempt(s) - 0,00%
Flames - 1 on 3 Attempt(s) - 33,33%

Penalty Kill

RedWings - 2 on 3 Attempt(s) - 66,67% - Score 0 goal in Penalty Kill
Flames - 4 on 4 Attempt(s) - 100,00% - Score 1 goal in Penalty Kill

Team Stat

RedWings - Hits : 34 - Faceoff Wins : 37 - Blocked Shots : 14 - Penalty Minutes : 6
Flames - Hits : 24 - Faceoff Wins : 54 - Blocked Shots : 7 - Penalty Minutes : 8

Official

Referees : Dan O'Rourke and Robert Hennessey
Linesman : Devin Berg and Kiel Murchison

Game Notes

Esa Lindell is injured at 15:19 of 2nd period (Sore Left Knee)

Finance

Level 1 -- Attendance: 6500 (100,00%) -- Ticket Income 812 500 $
Level 2 -- Attendance: 5000 (100,00%) -- Ticket Income 290 000 $
Level 3 -- Attendance: 3275 (93,57%) -- Ticket Income 147 375 $
Level 4 -- Attendance: 3173 (96,47%) -- Ticket Income 79 325 $
Luxury Box -- Attendance: 937 (93,70%) -- Ticket Income 149 920 $
Game was played at the Scotiabank Saddledome.
Total Attendance: 18885 (97,91%)
Total Ticket Income: 1 479 120 $
Other Income: 724 769 $
Total Income: 2 203 889 $

% Time on Ice - RedWings

Lines # - Real PCT - Wanted PCT - Time Play
Normal Forward
1 - 34% - 35% - 16:11
2 - 30% - 35% - 14:18
3 - 22% - 20% - 10:20
4 - 15% - 10% - 6:57
Normal Defense
1 - 41% - 45% - 19:28
2 - 30% - 35% - 14:27
3 - 29% - 20% - 13:51
4 - 0% - 0% - 0:00
PP Forward
1 - 58% - 50% - 4:38
2 - 42% - 50% - 3:18
PP Defense
1 - 50% - 60% - 3:57
2 - 50% - 40% - 3:59
PK Forward
1 - 84% - 60% - 3:38
2 - 16% - 40% - 0:40
PK Defense
1 - 49% - 60% - 2:06
2 - 51% - 40% - 2:12
PK3 Forward
1 - 0% - 60%
2 - 0% - 40%
PK3 Defense
1 - 0% - 60%
2 - 0% - 40%
44 Forward
1 - 0% - 50%
2 - 0% - 50%
44 Defense
1 - 0% - 60%
2 - 0% - 40%
Last Minute Offensive  - 0:00
Last Minute Defensive  - 0:00
Total
Forward - 60:00
Defense - 60:00

% Time on Ice - Flames

Lines # - Real PCT - Wanted PCT - Time Play
Normal Forward
1 - 36% - 38% - 17:10
2 - 28% - 30% - 13:33
3 - 27% - 22% - 12:53
4 - 9% - 10% - 4:10
Normal Defense
1 - 39% - 35% - 18:37
2 - 34% - 33% - 16:11
3 - 26% - 32% - 12:38
4 - 1% - 0% - 0:20
PP Forward
1 - 55% - 60% - 2:23
2 - 45% - 40% - 1:55
PP Defense
1 - 49% - 50% - 2:07
2 - 51% - 50% - 2:11
PK Forward
1 - 50% - 50% - 3:58
2 - 50% - 50% - 3:58
PK Defense
1 - 54% - 50% - 4:15
2 - 46% - 50% - 3:41
PK3 Forward
1 - 0% - 60%
2 - 0% - 40%
PK3 Defense
1 - 0% - 50%
2 - 0% - 50%
44 Forward
1 - 0% - 50%
2 - 0% - 50%
44 Defense
1 - 0% - 50%
2 - 0% - 50%
Last Minute Offensive  - 0:00
Last Minute Defensive  - 0:00
Total
Forward - 60:00
Defense - 60:00

Play-by-Play

1st period


0:01 of 1st period - Mark Scheifele wins face-off versus Charlie Coyle in neutral zone.
0:33 of 1st period - Brady Tkachuk is hit by Brayden Schenn and loses puck.
1:18 of 1st period - Shot by Blake Wheeler.
1:18 of 1st period - Shot Blocked by Patric Hornqvist.
1:20 of 1st period - Shot by Brayden McNabb.
1:20 of 1st period - Stopped by John Gibson without a rebound.
1:21 of 1st period - Max Domi wins face-off versus Kyle Brodziak in RedWings zone.
1:40 of 1st period - Shot by Pavel Buchnevich.
1:40 of 1st period - Deflect By Ondrej Kase.
1:40 of 1st period - Stopped by John Gibson without a rebound.
1:41 of 1st period - John Tavares wins face-off versus Frans Nielsen in RedWings zone.
1:48 of 1st period - Shot by Jakub Vrana.
1:48 of 1st period - Shot Blocked by Brett Howden.
1:50 of 1st period - Shot by Blake Wheeler.
1:50 of 1st period - Shot Blocked by Jake Gardiner.
1:52 of 1st period - Shot by Brayden McNabb.
1:52 of 1st period - Stopped by John Gibson without a rebound.
1:53 of 1st period - Max Domi wins face-off versus David Perron in RedWings zone.
1:56 of 1st period - Shot by Ondrej Kase.
1:56 of 1st period - Shot Misses the Net.
1:58 of 1st period - Shot by Alec Martinez.
1:58 of 1st period - Stopped by John Gibson without a rebound.
1:59 of 1st period - Erik Haula wins face-off versus Sean Kuraly in RedWings zone.
2:48 of 1st period - Ondrej Kase is hit by Patric Hornqvist and loses puck.
2:57 of 1st period - Icing by Patric Hornqvist.
2:58 of 1st period - Erik Haula wins face-off versus Charlie Coyle in RedWings zone.
2:58 of 1st period - Erik Haula is hit by Brady Tkachuk.
3:17 of 1st period - Minor Penalty to Andrew Cogliano for Hooking.
3:18 of 1st period - John Tavares wins face-off versus Kyle Brodziak in RedWings zone.
3:21 of 1st period - Shot by Marc Staal.
3:21 of 1st period - Shot Misses the Net.
3:37 of 1st period - Shot by John Tavares.
3:37 of 1st period - Goal by John Tavares - RedWings : 0 - Flames : 1.
3:38 of 1st period - Mark Scheifele wins face-off versus Max Domi in neutral zone.
4:08 of 1st period - Shot by Pavel Buchnevich.
4:08 of 1st period - Shot Misses the Net.
4:10 of 1st period - Shot by Ondrej Kase.
4:10 of 1st period - Deflect By Pavel Buchnevich.
4:10 of 1st period - Stopped by John Gibson without a rebound.
4:11 of 1st period - John Tavares wins face-off versus Kyle Brodziak in RedWings zone.
4:20 of 1st period - Drew Doughty is hit by Brayden McNabb and loses puck.
4:47 of 1st period - Shot by Andrew Cogliano.
4:47 of 1st period - Goal by Andrew Cogliano - RedWings : 1 - Flames : 1.
4:48 of 1st period - Charlie Coyle wins face-off versus Frans Nielsen in neutral zone.
4:48 of 1st period - Brady Tkachuk is hit by Jordan Szwarz and loses puck.
4:52 of 1st period - Off-side.
4:53 of 1st period - Charlie Coyle wins face-off versus Mark Scheifele in neutral zone.
5:12 of 1st period - Shot by David Pastrnak.
5:12 of 1st period - Stopped by Jordan Binnington without a rebound.
5:13 of 1st period - Max Domi wins face-off versus Frans Nielsen in Flames zone.
5:17 of 1st period - Esa Lindell is hit by John Carlson and loses puck.
5:25 of 1st period - John Carlson is hit by Max Domi and loses puck.
5:43 of 1st period - Shot by Max Domi.
5:43 of 1st period - Deflect By Ondrej Kase.
5:43 of 1st period - Stopped by John Gibson without a rebound.
5:44 of 1st period - Erik Haula wins face-off versus John Tavares in RedWings zone.
5:51 of 1st period - Shot by David Perron.
5:51 of 1st period - Stopped by Jordan Binnington without a rebound.
5:52 of 1st period - John Tavares wins face-off versus Mark Scheifele in Flames zone.
6:28 of 1st period - Shot by Blake Wheeler.
6:28 of 1st period - Shot Misses the Net.
6:30 of 1st period - Shot by Marc Staal.
6:30 of 1st period - Stopped by John Gibson without a rebound.
6:31 of 1st period - Charlie Coyle wins face-off versus Erik Haula in RedWings zone.
6:42 of 1st period - Shot by Ilya Mikheyev.
6:42 of 1st period - Shot Misses the Net.
7:13 of 1st period - Off-side.
7:14 of 1st period - Max Domi wins face-off versus Kyle Brodziak in neutral zone.
8:08 of 1st period - John Tavares is hit by Nick Jensen and loses puck.
8:25 of 1st period - Shot by Jakub Vrana.
8:25 of 1st period - Stopped by John Gibson without a rebound.
8:26 of 1st period - Charlie Coyle wins face-off versus Mark Scheifele in RedWings zone.
8:31 of 1st period - Shot by Ilya Mikheyev.
8:31 of 1st period - Deflect By Charlie Coyle.
8:31 of 1st period - Stopped by John Gibson with a rebound.
8:49 of 1st period - Brady Tkachuk is hit by John Carlson and loses puck.
9:05 of 1st period - Brayden Schenn is hit by Alec Martinez and loses puck.
9:09 of 1st period - Icing by Alec Martinez.
9:10 of 1st period - Erik Haula wins face-off versus Ilya Mikheyev in Flames zone.
9:10 of 1st period - Erik Karlsson is hit by Ethan Bear and loses puck.
9:24 of 1st period - Icing by Erik Haula.
9:25 of 1st period - Erik Haula wins face-off versus Jakub Vrana in RedWings zone.
9:48 of 1st period - Shot by John Tavares.
9:48 of 1st period - Deflect By Blake Wheeler.
9:48 of 1st period - Stopped by John Gibson without a rebound.
9:49 of 1st period - Frans Nielsen wins face-off versus Max Domi in RedWings zone.
10:13 of 1st period - Shot by Pavel Buchnevich.
10:13 of 1st period - Stopped by John Gibson with a rebound.
10:15 of 1st period - Shot by Esa Lindell.
10:15 of 1st period - Shot Misses the Net.
10:54 of 1st period - David Pastrnak is hit by Brayden McNabb and loses puck.
11:15 of 1st period - John Tavares is hit by Mark Scheifele and loses puck.
11:28 of 1st period - Icing by Erik Karlsson.
11:29 of 1st period - Charlie Coyle wins face-off versus Mark Scheifele in RedWings zone.
12:21 of 1st period - Ilya Mikheyev is hit by Patric Hornqvist and loses puck.
12:59 of 1st period - Jared Spurgeon is hit by Connor Murphy and loses puck.
13:46 of 1st period - Shot by Jakub Vrana.
13:46 of 1st period - Deflect By Taylor Hall.
13:46 of 1st period - Shot Misses the Net.
13:48 of 1st period - Shot by Jakub Vrana.
13:48 of 1st period - Goal by Jakub Vrana - RedWings : 1 - Flames : 2.
13:49 of 1st period - Frans Nielsen wins face-off versus John Tavares in neutral zone.
13:49 of 1st period - Erik Karlsson is hit by Blake Wheeler and loses puck.
14:03 of 1st period - Minor Penalty to Jakub Vrana for Roughing.
14:04 of 1st period - Mark Scheifele wins face-off versus Charlie Coyle in Flames zone.
14:14 of 1st period - Icing by Erik Karlsson.
14:15 of 1st period - Mark Scheifele wins face-off versus Sean Kuraly in RedWings zone.
14:30 of 1st period - Shot by Mark Scheifele.
14:30 of 1st period - Shot Misses the Net.
14:32 of 1st period - Shot by Erik Karlsson.
14:32 of 1st period - Shot Blocked by Sean Kuraly.
14:34 of 1st period - Shot by Erik Karlsson.
14:34 of 1st period - Stopped by Jordan Binnington with a rebound.
14:36 of 1st period - Shot by Erik Karlsson.
14:36 of 1st period - Shot Blocked by Alec Martinez.
15:34 of 1st period - Shot by Connor Murphy.
15:34 of 1st period - Shot Misses the Net.
15:53 of 1st period - Erik Karlsson is hit by Brayden McNabb and loses puck.
16:13 of 1st period - Shot by Frans Nielsen.
16:13 of 1st period - Shot Misses the Net.
16:15 of 1st period - Shot by Connor Murphy.
16:15 of 1st period - Shot Misses the Net.
16:23 of 1st period - Shot by Frans Nielsen.
16:23 of 1st period - Shot Misses the Net.
16:25 of 1st period - Shot by Brett Howden.
16:25 of 1st period - Stopped by Jordan Binnington without a rebound.
16:26 of 1st period - Kyle Brodziak wins face-off versus Ilya Mikheyev in Flames zone.
16:26 of 1st period - John Carlson is hit by Brayden McNabb and loses puck.
16:33 of 1st period - Shot by Ryan Hartman.
16:33 of 1st period - Shot Blocked by Marc Staal.
16:35 of 1st period - Shot by Drew Doughty.
16:35 of 1st period - Shot Misses the Net.
16:38 of 1st period - Kyle Brodziak is hit by Marc Staal and loses puck.
17:12 of 1st period - Minor Penalty to Brayden McNabb for High sticking.
17:13 of 1st period - Mark Scheifele wins face-off versus Sean Kuraly in Flames zone.
17:16 of 1st period - Shot by David Pastrnak.
17:16 of 1st period - Deflect By Mark Scheifele.
17:16 of 1st period - Shot Blocked by Jared Spurgeon.
17:28 of 1st period - Shot by Mark Scheifele.
17:28 of 1st period - Shot Misses the Net.
17:40 of 1st period - Shot by Jake Gardiner.
17:40 of 1st period - Stopped by Jordan Binnington without a rebound.
17:41 of 1st period - Charlie Coyle wins face-off versus Brayden Schenn in Flames zone.
18:22 of 1st period - Marc Staal is hit by Connor Murphy.
18:34 of 1st period - Shot by Sean Kuraly.
18:34 of 1st period - Stopped by John Gibson without a rebound.
18:35 of 1st period - Charlie Coyle wins face-off versus Mark Scheifele in RedWings zone.
19:46 of 1st period - Drew Doughty is hit by Sean Kuraly.
Goals for this period are 1 for RedWings vs 2 for Flames.
Shots for this period are 6 for RedWings vs 14 for Flames.

2nd period


0:01 of 2nd period - Charlie Coyle wins face-off versus Mark Scheifele in neutral zone.
0:11 of 2nd period - Charlie Coyle is hit by Drew Doughty and loses puck.
2:11 of 2nd period - Shot by Pavel Buchnevich.
2:11 of 2nd period - Shot Misses the Net.
2:18 of 2nd period - Off-side.
2:19 of 2nd period - Frans Nielsen wins face-off versus Charlie Coyle in neutral zone.
2:34 of 2nd period - Shot by Frans Nielsen.
2:34 of 2nd period - Shot Blocked by Jared Spurgeon.
2:42 of 2nd period - Shot by Brett Howden.
2:42 of 2nd period - Stopped by Jordan Binnington with a rebound.
3:14 of 2nd period - Shot by David Pastrnak.
3:14 of 2nd period - Shot Misses the Net.
3:32 of 2nd period - Shot by David Pastrnak.
3:32 of 2nd period - Shot Misses the Net.
4:08 of 2nd period - Shot by Jakub Vrana.
4:08 of 2nd period - Stopped by John Gibson without a rebound.
4:09 of 2nd period - Max Domi wins face-off versus Kyle Brodziak in RedWings zone.
4:10 of 2nd period - Shot by Ondrej Kase.
4:10 of 2nd period - Shot Misses the Net.
5:24 of 2nd period - Icing by Max Domi.
5:25 of 2nd period - Max Domi wins face-off versus Mark Scheifele in Flames zone.
6:02 of 2nd period - David Pastrnak is hit by Ethan Bear and loses puck.
6:06 of 2nd period - Icing by Alec Martinez.
6:07 of 2nd period - John Tavares wins face-off versus Erik Haula in Flames zone.
6:07 of 2nd period - Blake Wheeler is hit by David Perron and loses puck.
6:19 of 2nd period - Jakub Vrana is hit by Drew Doughty and loses puck.
6:37 of 2nd period - Icing by Ilya Mikheyev.
6:38 of 2nd period - Kyle Brodziak wins face-off versus Charlie Coyle in Flames zone.
6:38 of 2nd period - Kyle Brodziak is hit by Jared Spurgeon.
6:47 of 2nd period - Icing by Jared Spurgeon.
6:48 of 2nd period - Mark Scheifele wins face-off versus Charlie Coyle in Flames zone.
6:52 of 2nd period - David Pastrnak is hit by Esa Lindell and loses puck.
6:56 of 2nd period - Icing by Jared Spurgeon.
6:57 of 2nd period - Brady Tkachuk wins face-off versus Erik Haula in Flames zone.
7:02 of 2nd period - John Carlson is hit by Brady Tkachuk and loses puck.
7:19 of 2nd period - Shot by Jared Spurgeon.
7:19 of 2nd period - Stopped by John Gibson with a rebound.
7:21 of 2nd period - Shot by Charlie Coyle.
7:21 of 2nd period - Stopped by John Gibson without a rebound.
7:22 of 2nd period - Mark Scheifele wins face-off versus John Tavares in RedWings zone.
7:22 of 2nd period - Mark Scheifele is hit by Blake Wheeler.
7:34 of 2nd period - Shot by Mark Scheifele.
7:34 of 2nd period - Stopped by Jordan Binnington without a rebound.
7:35 of 2nd period - Kyle Brodziak wins face-off versus Max Domi in Flames zone.
7:53 of 2nd period - Icing by Marc Staal.
7:54 of 2nd period - Max Domi wins face-off versus Erik Haula in Flames zone.
9:07 of 2nd period - Shot by David Pastrnak.
9:07 of 2nd period - Deflect By Brayden Schenn.
9:07 of 2nd period - Stopped by Jordan Binnington without a rebound.
9:08 of 2nd period - Blake Wheeler wins face-off versus Kyle Brodziak in Flames zone.
9:44 of 2nd period - Shot by Ryan Hartman.
9:44 of 2nd period - Shot Misses the Net.
10:30 of 2nd period - Minor Penalty to Ethan Bear for Tripping.
10:31 of 2nd period - Sean Kuraly wins face-off versus Mark Scheifele in Flames zone.
11:00 of 2nd period - Shot by David Pastrnak.
11:00 of 2nd period - Shot Misses the Net.
11:18 of 2nd period - Icing by Jake Gardiner.
11:19 of 2nd period - David Perron wins face-off versus Blake Wheeler in RedWings zone.
11:24 of 2nd period - Alec Martinez is hit by David Pastrnak.
12:29 of 2nd period - Alec Martinez is hit by Mark Scheifele.
12:30 of 2nd period - Icing by Alec Martinez.
12:31 of 2nd period - Frans Nielsen wins face-off versus Charlie Coyle in Flames zone.
12:40 of 2nd period - Shot by Drew Doughty.
12:40 of 2nd period - Shot Misses the Net.
12:48 of 2nd period - Shot by Brett Howden.
12:48 of 2nd period - Stopped by Jordan Binnington without a rebound.
12:49 of 2nd period - Kyle Brodziak wins face-off versus John Tavares in Flames zone.
12:52 of 2nd period - Shot by Andrew Cogliano.
12:52 of 2nd period - Stopped by Jordan Binnington without a rebound.
12:53 of 2nd period - Blake Wheeler wins face-off versus Frans Nielsen in Flames zone.
13:16 of 2nd period - Off-side.
13:17 of 2nd period - Mark Scheifele wins face-off versus Charlie Coyle in neutral zone.
13:26 of 2nd period - Shot by David Pastrnak.
13:26 of 2nd period - Stopped by Jordan Binnington without a rebound.
13:27 of 2nd period - Erik Haula wins face-off versus Ondrej Kase in Flames zone.
13:58 of 2nd period - Shot by Erik Haula.
13:58 of 2nd period - Shot Blocked by Marc Staal.
14:00 of 2nd period - Shot by John Carlson.
14:00 of 2nd period - Shot Misses the Net.
14:02 of 2nd period - Shot by John Carlson.
14:02 of 2nd period - Shot Misses the Net.
14:22 of 2nd period - Shot by Mark Scheifele.
14:22 of 2nd period - Shot Misses the Net.
14:24 of 2nd period - Shot by Erik Karlsson.
14:24 of 2nd period - Shot Hit the Post.
14:38 of 2nd period - Shot by Brayden Schenn.
14:38 of 2nd period - Shot Hit the Post.
14:52 of 2nd period - Shot by David Pastrnak.
14:52 of 2nd period - Shot Misses the Net.
14:54 of 2nd period - Shot by Jake Gardiner.
14:54 of 2nd period - Shot Misses the Net.
15:12 of 2nd period - Shot by Charlie Coyle.
15:12 of 2nd period - Stopped by John Gibson without a rebound.
15:13 of 2nd period - Frans Nielsen wins face-off versus Brady Tkachuk in RedWings zone.
15:18 of 2nd period - Esa Lindell is hit by Jordan Szwarz and loses puck.
15:19 of 2nd period - Esa Lindell from Flames is injured at 15:19 of 2nd period (Sore Left Knee).
15:20 of 2nd period - Brady Tkachuk wins face-off versus Kyle Brodziak in Flames zone.
15:20 of 2nd period - Brady Tkachuk is hit by Kyle Brodziak.
15:33 of 2nd period - Icing by Andrew Cogliano.
15:34 of 2nd period - John Tavares wins face-off versus Kyle Brodziak in RedWings zone.
15:56 of 2nd period - Icing by Connor Murphy.
15:57 of 2nd period - Charlie Coyle wins face-off versus Kyle Brodziak in RedWings zone.
16:34 of 2nd period - Shot by David Perron.
16:34 of 2nd period - Stopped by Jordan Binnington with a rebound.
17:06 of 2nd period - Shot by John Tavares.
17:06 of 2nd period - Shot Misses the Net.
17:12 of 2nd period - Shot by John Tavares.
17:12 of 2nd period - Stopped by John Gibson without a rebound.
17:13 of 2nd period - Max Domi wins face-off versus Mark Scheifele in RedWings zone.
17:36 of 2nd period - Shot by Brayden Schenn.
17:36 of 2nd period - Stopped by Jordan Binnington with a rebound.
17:38 of 2nd period - Shot by Brayden Schenn.
17:38 of 2nd period - Stopped by Jordan Binnington with a rebound.
18:22 of 2nd period - Shot by Jordan Szwarz.
18:22 of 2nd period - Shot Blocked by Alec Martinez.
18:24 of 2nd period - Shot by Jordan Szwarz.
18:24 of 2nd period - Goal by Jordan Szwarz - RedWings : 2 - Flames : 2.
18:25 of 2nd period - Charlie Coyle wins face-off versus Kyle Brodziak in neutral zone.
18:34 of 2nd period - Shot by Brady Tkachuk.
18:34 of 2nd period - Shot Hit the Post.
18:56 of 2nd period - Shot by Brady Tkachuk.
18:56 of 2nd period - Goal by Brady Tkachuk - RedWings : 2 - Flames : 3.
18:57 of 2nd period - Max Domi wins face-off versus David Perron in neutral zone.
18:57 of 2nd period - Max Domi is hit by Patric Hornqvist.
19:07 of 2nd period - Max Domi is hit by Connor Murphy and loses puck.
19:14 of 2nd period - Shot by Ondrej Kase.
19:14 of 2nd period - Stopped by John Gibson without a rebound.
19:15 of 2nd period - Mark Scheifele wins face-off versus John Tavares in RedWings zone.
19:23 of 2nd period - Icing by Marc Staal.
19:24 of 2nd period - Erik Haula wins face-off versus Jakub Vrana in Flames zone.
19:41 of 2nd period - Shot by John Tavares.
19:41 of 2nd period - Shot Misses the Net.
19:43 of 2nd period - Shot by Jakub Vrana.
19:43 of 2nd period - Shot Misses the Net.
19:45 of 2nd period - Shot by Brayden McNabb.
19:45 of 2nd period - Stopped by John Gibson without a rebound.
19:46 of 2nd period - Charlie Coyle wins face-off versus David Pastrnak in RedWings zone.
Goals for this period are 1 for RedWings vs 1 for Flames.
Shots for this period are 10 for RedWings vs 8 for Flames.

3rd period


0:01 of 3rd period - Charlie Coyle wins face-off versus Mark Scheifele in neutral zone.
0:10 of 3rd period - Shot by Brady Tkachuk.
0:10 of 3rd period - Shot Blocked by John Carlson.
0:12 of 3rd period - Shot by Alec Martinez.
0:12 of 3rd period - Stopped by John Gibson without a rebound.
0:13 of 3rd period - Sean Kuraly wins face-off versus Erik Haula in RedWings zone.
0:33 of 3rd period - Minor Penalty to Alec Martinez for Tripping.
0:34 of 3rd period - Charlie Coyle wins face-off versus Brayden Schenn in Flames zone.
0:34 of 3rd period - Charlie Coyle is hit by Patric Hornqvist.
1:04 of 3rd period - Shot by Brayden Schenn.
1:04 of 3rd period - Shot Misses the Net.
1:06 of 3rd period - Shot by Erik Karlsson.
1:06 of 3rd period - Shot Misses the Net.
1:08 of 3rd period - Shot by Erik Karlsson.
1:08 of 3rd period - Stopped by Jordan Binnington without a rebound.
1:09 of 3rd period - Sean Kuraly wins face-off versus Mark Scheifele in Flames zone.
1:17 of 3rd period - Icing by David Pastrnak.
1:18 of 3rd period - Mark Scheifele wins face-off versus Sean Kuraly in RedWings zone.
1:45 of 3rd period - Ethan Bear is hit by Mark Scheifele and loses puck.
1:55 of 3rd period - Icing by David Perron.
1:56 of 3rd period - Blake Wheeler wins face-off versus David Perron in RedWings zone.
1:59 of 3rd period - Shot by Charlie Coyle.
1:59 of 3rd period - Goal by Charlie Coyle - RedWings : 2 - Flames : 4.
2:00 of 3rd period - Sean Kuraly wins face-off versus Brayden Schenn in neutral zone.
2:22 of 3rd period - Shot by Charlie Coyle.
2:22 of 3rd period - Shot Blocked by John Carlson.
2:40 of 3rd period - Shot by Brett Howden.
2:40 of 3rd period - Stopped by Jordan Binnington without a rebound.
2:41 of 3rd period - Frans Nielsen wins face-off versus Sean Kuraly in Flames zone.
3:05 of 3rd period - Ethan Bear is hit by Connor Murphy.
3:08 of 3rd period - Icing by Frans Nielsen.
3:09 of 3rd period - Charlie Coyle wins face-off versus Jordan Szwarz in RedWings zone.
3:14 of 3rd period - Shot by Brady Tkachuk.
3:14 of 3rd period - Stopped by John Gibson without a rebound.
3:15 of 3rd period - Brady Tkachuk wins face-off versus Mark Scheifele in RedWings zone.
3:16 of 3rd period - Shot by Charlie Coyle.
3:16 of 3rd period - Stopped by John Gibson without a rebound.
3:17 of 3rd period - Charlie Coyle wins face-off versus Mark Scheifele in RedWings zone.
3:17 of 3rd period - Charlie Coyle is hit by Drew Doughty.
3:49 of 3rd period - Shot by David Pastrnak.
3:49 of 3rd period - Shot Misses the Net.
3:51 of 3rd period - Shot by Brayden Schenn.
3:51 of 3rd period - Stopped by Jordan Binnington with a rebound.
3:56 of 3rd period - David Pastrnak is hit by Brayden McNabb and loses puck.
4:02 of 3rd period - Mark Scheifele is hit by Brayden McNabb and loses puck.
4:18 of 3rd period - Brady Tkachuk is hit by David Perron and loses puck.
5:01 of 3rd period - Shot by John Tavares.
5:01 of 3rd period - Stopped by John Gibson with a rebound.
5:03 of 3rd period - Shot by Alec Martinez.
5:03 of 3rd period - Shot Blocked by Connor Murphy.
5:05 of 3rd period - Shot by Blake Wheeler.
5:05 of 3rd period - Shot Misses the Net.
5:08 of 3rd period - John Tavares is hit by Connor Murphy and loses puck.
5:52 of 3rd period - Shot by Ondrej Kase.
5:52 of 3rd period - Stopped by John Gibson without a rebound.
5:53 of 3rd period - Mark Scheifele wins face-off versus Jakub Vrana in RedWings zone.
5:53 of 3rd period - Mark Scheifele is hit by Taylor Hall.
6:03 of 3rd period - Shot by Mark Scheifele.
6:03 of 3rd period - Stopped by Jordan Binnington without a rebound.
6:04 of 3rd period - Erik Haula wins face-off versus Max Domi in Flames zone.
6:17 of 3rd period - Shot by Max Domi.
6:17 of 3rd period - Shot Misses the Net.
6:19 of 3rd period - Shot by Jared Spurgeon.
6:19 of 3rd period - Stopped by John Gibson without a rebound.
6:20 of 3rd period - John Tavares wins face-off versus Mark Scheifele in RedWings zone.
6:55 of 3rd period - Shot by David Pastrnak.
6:55 of 3rd period - Stopped by Jordan Binnington without a rebound.
6:56 of 3rd period - Charlie Coyle wins face-off versus Patric Hornqvist in Flames zone.
6:56 of 3rd period - Charlie Coyle is hit by Patric Hornqvist.
7:14 of 3rd period - Shot by Patric Hornqvist.
7:14 of 3rd period - Deflect By David Perron.
7:14 of 3rd period - Stopped by Jordan Binnington with a rebound.
7:39 of 3rd period - Icing by Jake Gardiner.
7:40 of 3rd period - Max Domi wins face-off versus Erik Haula in RedWings zone.
7:43 of 3rd period - Shot by Ondrej Kase.
7:43 of 3rd period - Shot Blocked by Erik Karlsson.
7:45 of 3rd period - Shot by Ondrej Kase.
7:45 of 3rd period - Shot Misses the Net.
7:55 of 3rd period - Shot by Pavel Buchnevich.
7:55 of 3rd period - Shot Blocked by Erik Karlsson.
8:07 of 3rd period - Shot by Jared Spurgeon.
8:07 of 3rd period - Stopped by John Gibson without a rebound.
8:08 of 3rd period - Brayden Schenn wins face-off versus John Tavares in RedWings zone.
8:08 of 3rd period - Brayden Schenn is hit by Blake Wheeler.
8:20 of 3rd period - Shot by David Pastrnak.
8:20 of 3rd period - Stopped by Jordan Binnington without a rebound.
8:21 of 3rd period - Charlie Coyle wins face-off versus Kyle Brodziak in Flames zone.
8:50 of 3rd period - Shot by Ilya Mikheyev.
8:50 of 3rd period - Shot Misses the Net.
9:46 of 3rd period - Shot by Brayden Schenn.
9:46 of 3rd period - Stopped by Jordan Binnington without a rebound.
9:47 of 3rd period - Max Domi wins face-off versus Erik Haula in Flames zone.
9:47 of 3rd period - Max Domi is hit by Patric Hornqvist.
10:03 of 3rd period - Shot by Ondrej Kase.
10:03 of 3rd period - Shot Blocked by Erik Karlsson.
10:05 of 3rd period - Shot by Pavel Buchnevich.
10:05 of 3rd period - Shot Misses the Net.
10:07 of 3rd period - Shot by Marc Staal.
10:07 of 3rd period - Stopped by John Gibson with a rebound.
10:09 of 3rd period - Shot by Brayden McNabb.
10:09 of 3rd period - Stopped by John Gibson with a rebound.
10:11 of 3rd period - Shot by Marc Staal.
10:11 of 3rd period - Shot Blocked by Erik Karlsson.
10:19 of 3rd period - Shot by Pavel Buchnevich.
10:19 of 3rd period - Shot Misses the Net.
10:21 of 3rd period - Shot by Marc Staal.
10:21 of 3rd period - Shot Misses the Net.
10:34 of 3rd period - Off-side.
10:35 of 3rd period - John Tavares wins face-off versus Kyle Brodziak in neutral zone.
11:37 of 3rd period - Shot by Mark Scheifele.
11:37 of 3rd period - Stopped by Jordan Binnington without a rebound.
11:38 of 3rd period - Max Domi wins face-off versus Frans Nielsen in Flames zone.
11:44 of 3rd period - Alec Martinez is hit by Jake Gardiner and loses puck.
11:46 of 3rd period - Minor Penalty to Erik Karlsson for Hooking.
11:47 of 3rd period - Max Domi wins face-off versus Kyle Brodziak in RedWings zone.
11:48 of 3rd period - Shot by Alec Martinez.
11:48 of 3rd period - Stopped by John Gibson without a rebound.
11:49 of 3rd period - Blake Wheeler wins face-off versus Kyle Brodziak in RedWings zone.
11:54 of 3rd period - Shot by Brady Tkachuk.
11:54 of 3rd period - Stopped by John Gibson without a rebound.
11:55 of 3rd period - Kyle Brodziak wins face-off versus Max Domi in RedWings zone.
12:14 of 3rd period - Kyle Brodziak is hit by Ilya Mikheyev and loses puck.
12:21 of 3rd period - Shot by Jared Spurgeon.
12:21 of 3rd period - Shot Misses the Net.
12:23 of 3rd period - Shot by Ethan Bear.
12:23 of 3rd period - Shot Misses the Net.
12:25 of 3rd period - Shot by Ethan Bear.
12:25 of 3rd period - Shot Blocked by Jake Gardiner.
12:27 of 3rd period - Shot by Jakub Vrana.
12:27 of 3rd period - Stopped by John Gibson without a rebound.
12:28 of 3rd period - Blake Wheeler wins face-off versus Frans Nielsen in RedWings zone.
13:25 of 3rd period - Shot by Ilya Mikheyev.
13:25 of 3rd period - Stopped by John Gibson without a rebound.
13:26 of 3rd period - Max Domi wins face-off versus Kyle Brodziak in RedWings zone.
13:54 of 3rd period - Shot by Ondrej Kase.
13:54 of 3rd period - Stopped by John Gibson without a rebound.
13:55 of 3rd period - Charlie Coyle wins face-off versus Mark Scheifele in RedWings zone.
14:01 of 3rd period - Charlie Coyle is hit by Drew Doughty and loses puck.
14:54 of 3rd period - Shot by Max Domi.
14:54 of 3rd period - Shot Blocked by Drew Doughty.
15:55 of 3rd period - Minor Penalty to Erik Karlsson for Holding.
15:56 of 3rd period - Blake Wheeler wins face-off versus Kyle Brodziak in RedWings zone.
15:57 of 3rd period - Shot by Brady Tkachuk.
15:57 of 3rd period - Shot Misses the Net.
15:59 of 3rd period - Shot by Brayden McNabb.
15:59 of 3rd period - Stopped by John Gibson with a rebound.
16:01 of 3rd period - Shot by Brady Tkachuk.
16:01 of 3rd period - Stopped by John Gibson without a rebound.
16:02 of 3rd period - Kyle Brodziak wins face-off versus John Tavares in RedWings zone.
16:14 of 3rd period - John Tavares is hit by Jake Gardiner and loses puck.
16:25 of 3rd period - Shot by John Tavares.
16:25 of 3rd period - Stopped by John Gibson without a rebound.
16:26 of 3rd period - Kyle Brodziak wins face-off versus Max Domi in RedWings zone.
16:26 of 3rd period - Jake Gardiner is hit by Ilya Mikheyev and loses puck.
16:33 of 3rd period - Shot by Jared Spurgeon.
16:33 of 3rd period - Shot Blocked by Jake Gardiner.
16:35 of 3rd period - Shot by Jared Spurgeon.
16:35 of 3rd period - Shot Blocked by Connor Murphy.
16:37 of 3rd period - Shot by Ilya Mikheyev.
16:37 of 3rd period - Shot Hit the Post.
16:39 of 3rd period - Shot by Ethan Bear.
16:39 of 3rd period - Stopped by John Gibson with a rebound.
16:41 of 3rd period - Shot by Ethan Bear.
16:41 of 3rd period - Stopped by John Gibson without a rebound.
16:42 of 3rd period - Kyle Brodziak wins face-off versus Max Domi in RedWings zone.
16:57 of 3rd period - Shot by Ethan Bear.
16:57 of 3rd period - Stopped by John Gibson without a rebound.
16:58 of 3rd period - John Tavares wins face-off versus Kyle Brodziak in RedWings zone.
16:58 of 3rd period - Blake Wheeler is hit by Drew Doughty and loses puck.
17:31 of 3rd period - Drew Doughty is hit by Brady Tkachuk and loses puck.
18:00 of 3rd period - Shot by David Perron.
18:00 of 3rd period - Stopped by Jordan Binnington with a rebound.
18:03 of 3rd period - Icing by Taylor Hall.
18:04 of 3rd period - Mark Scheifele wins face-off versus Sean Kuraly in Flames zone.
18:17 of 3rd period - Nick Jensen is hit by Sean Kuraly and loses puck.
18:48 of 3rd period - Taylor Hall is hit by David Pastrnak and loses puck.
19:27 of 3rd period - Charlie Coyle is hit by Connor Murphy and loses puck.
19:47 of 3rd period - Charlie Coyle is hit by Jake Gardiner and loses puck.
19:54 of 3rd period - Shot by Erik Haula.
19:54 of 3rd period - Deflect By David Perron.
19:54 of 3rd period - Stopped by Jordan Binnington without a rebound.
19:55 of 3rd period - Kyle Brodziak wins face-off versus Max Domi in Flames zone.
Goals for this period are 0 for RedWings vs 1 for Flames.
Shots for this period are 11 for RedWings vs 21 for Flames.